 Dungeon Crawl Stone Soup version 0.31.0-32-g396128a36d (webtiles) character file.

Game seed: 2900072114396808514

2513 BigDaddyOpFi the Frost Mage (level 9, 0/36 HPs)
             Began as a Felid Ice Elementalist on Mar 12, 2024.
             Was an Initiate of Vehumet.
             Slain by a troll (12 damage)
             ... on level 9 of the Dungeon on Mar 14, 2024.
             The game lasted 00:31:38 (11728 turns).

BigDaddyOpFi the Frost Mage (FeIE)                 Turns: 11728, Time: 00:31:39

Health: 0/36       AC: 16    Str:  4    XL:     9   Next: 29%
Magic:  24/28      EV: 19    Int: 23    God:    Vehumet [......]
Gold:   490        SH:  0    Dex: 17    Spells: 7/20 levels left
                                        Lives:  0   Deaths: 3

rFire   . .          .
                       - Unarmed
rCold   . . .        (shield unavailable)
rNeg    . . .        (body armour unavailable)
rPois   .            (helmet unavailable)
rElec   .            (cloak unavailable)
rCorr   .            (gloves unavailable)
SInv    +            (boots unavailable)
Will    +....        (no amulet)
Stlth   +++          d - ring of magical power
HPRegen 0.26/turn    l - +4 ring of protection
MPRegen 0.21/turn

%: no passive effects
@: brilliant, ice-armoured, about to teleport
A: very small, claws 1, fangs 3, see invisible, shaggy fur 2, stealthy paws, no
weapons or thrown items, no armour, multi-lived, frail 1, teleportitis 1
a: Renounce Religion


You were on level 9 of the Dungeon.
You worshipped Vehumet.
Vehumet was noncommittal.
You visited 2 branches of the dungeon, and saw 10 of its levels.

You collected 490 gold pieces.

Inventory:

Jewellery
 b - a ring of flight
 d - a ring of magical power (left paw)
 l - a +4 ring of protection (right paw)
 p - a ring of poison resistance
 x - a ring of fire
 y - a +4 ring of protection
Scrolls
 c - 2 scrolls of noise
 e - a scroll of vulnerability
 g - 3 scrolls of teleportation
 h - a scroll of revelation
 i - 4 scrolls of amnesia
 j - a scroll of immolation
 k - 2 scrolls of enchant weapon
 o - a scroll of fog
 u - a scroll of brand weapon
Potions
 a - a potion of magic


   Skills:
 + Level 0.9 Fighting
 - Level 4.2 Dodging
 * Level 5.2 Stealth
 * Level 1.4 Unarmed Combat
 + Level 6.4 Spellcasting
 * Level 1.2 Conjurations
 + Level 9.4 Ice Magic


You had 7 spell levels left.
You knew the following spells:

 Your Spells              Type           Power      Damage    Failure   Level
a - Freeze                Ice            100%       1d10      1%          1
b - Frozen Ramparts       Ice            100%       1d16      1%          3
c - Ozocubu's Armour      Ice            66%        N/A       1%          3
d - Summon Ice Beast      Ice/Summ       43%        N/A       3%          3
e - Hailstorm             Conj/Ice       48%        3d10      2%          3

Your spell library contained the following spells:

 Spells                   Type           Power      Damage    Failure   Level
 Lesser Beckoning         Tloc           22%        N/A       12%         2
 Gell's Gravitas          Tloc           11%        N/A       24%         3
 Inner Flame              Hex/Fire       11%        N/A       24%         3
 Teleport Other           Tloc           11%        N/A       24%         3
 Leda's Liquefaction      Alch/Erth      5%         N/A       63%         4
 Irradiate                Conj/Alch      7%         3d14      87%         5
 Sculpt Simulacrum        Ice/Alch       21%        N/A       87%         6
 Lee's Rapid Deconstruct  Erth           5%         3d6*      92%         5
 Bombard                  Conj/Erth      7%         9d2       100%        6
 Ignition                 Fire           5%         3d4       100%        8


Dungeon Overview and Level Annotations

Branches:
Dungeon (9/15)             Temple (1/1) D:4
   Lair: D:8-11         Orc: D:9-12

Altars:
Ashenzari
Cheibriados
Dithmenos
Elyvilon
Fedhas
Gozag
Hepliaklqana
Kikubaaqudgha
Makhleb
Nemelex Xobeh
Okawaru
Qazlal
Ru
Sif Muna
Trog
Uskayaw
Vehumet
Wu Jian
Xom
Yredelemnul
Zin
The Shining One

Annotations:
D:8 2 transporters


Innate Abilities, Weirdness & Mutations

You have sharp claws.
You have razor-sharp teeth.
You have supernaturally acute eyesight. (SInv)
You are covered in thick fur. (AC +2)
Your paws help you pounce on unaware monsters.
You are incapable of wielding weapons or throwing items.
You cannot wear armour.
You gain extra lives every three experience levels.
You are frail. (-10% HP)
You are occasionally teleported next to monsters.


Message History

Press: ? - help, Dir - move target
As you read the scroll of blinking, it crumbles to dust.
Unknown command.
It was a potion of cancellation.
You feel magically purged.
It was a potion of brilliance.
You feel clever all of a sudden.
There is an open door here.
Things that are here:
a +0 robe; a +0 dagger
There is a stone staircase leading down here.
You see here the felid skeleton of BigDaddyOpFi.
You climb downwards.
The troll bites you but does no damage. The troll misses you.
The troll completely misses you. x2
The troll closely misses you. The troll claws you but does no damage.
There is a stone staircase leading up, spattered with blood here.
Unknown command.
Okay, then.
As you read the scroll of teleportation, it crumbles to dust.
You feel strangely unstable. The troll misses you. The troll barely misses you.
The troll claws you.
Unknown command.
Casting: Freeze (safe; 1% risk of failure)
Confirm with . or Enter, or press ? or * to list all spells.
You feel a surge of power! A film of ice covers your body!
The troll closely misses you. The troll misses you.
The troll claws you but does no damage.
Unknown command.
Casting: Ozocubu's Armour (safe; 1% risk of failure)
Confirm with . or Enter, or press ? or * to list all spells.
Aiming: Freeze (safe; 1% risk of failure)
Press: ? - help, Shift-Dir - straight line, f - troll
Aim: a troll
Okay, then.
Casting: Freeze (safe; 1% risk of failure)
Confirm with . or Enter, or press ? or * to list all spells.
Okay, then.
Casting: Freeze (safe; 1% risk of failure)
Confirm with . or Enter, or press ? or * to list all spells.
You feel a surge of power! A chill wind blows around you. The troll bites you!
You die...

#...# ###...# ####
.....##.....
.....##....
#...##..# #...##..#
.. #.......# ...
#.......# ....
#..@T...#####....
#Y†.......(....#
##..............#
..................#
...................#
..###..............#
. #.........$....#
#..............#
#..............#


You could see a troll (ally target) and a friendly ice beast (summoned).

Vanquished Creatures
  A wraith (D:8)
  4 water moccasins
  An orc warrior (D:7)
  2 ice beasts
  2 sky beasts (D:8)
  2 black bears
  A centaur (D:8)
  An ogre (D:5)
  A kobold brigand (D:8)
  2 bullfrogs (D:8)
  A scorpion (D:4)
  A gnoll sergeant (D:7)
  3 killer bees
  4 howler monkeys
  2 bombardier beetles (D:5)
  2 hounds (D:5)
  2 orc priests (D:8)
  A sleepcap (D:6)
  An iguana (D:5)
  4 orc wizards
  9 gnolls
  2 adders
  3 white imps
  An ufetubus (D:7)
  6 ribbon worms
  14 orcs
  5 endoplasms
  4 giant cockroaches
  4 goblins
  7 hobgoblins
  2 quokkas
  6 ball pythons
  7 bats
  6 kobolds
  4 rats
118 creatures vanquished.

Vanquished Creatures (others)
  An ufetubus (D:7)
1 creature vanquished.

Grand Total: 119 creatures vanquished

Notes
Turn   | Place    | Note
-------+----------+-------------------------------------------
     0 | D:1      | BigDaddyOpFi the Felid Ice Elementalist began the quest for
                  | the Orb.
     0 | D:1      | Reached XP level 1. HP: 9/9 MP: 4/4
   170 | D:1      | Reached XP level 2. HP: 13/13 MP: 4/6
   662 | D:1      | Slain by a gnoll
   662 | D:1      | Lost a life (0 lives remaining)
   684 | D:1      | Reached skill level 4 in Ice Magic
   780 | D:2      | Reached XP level 3. HP: 16/16 MP: 5/7
   798 | D:2      | Learned a level 3 spell: Frozen Ramparts
  1183 | D:2      | Found a faded altar of an unknown god.
  1710 | D:3      | Found a burning altar of Makhleb.
  1714 | D:3      | Found a bloodstained altar of Trog.
  1739 | D:3      | Found a glowing golden altar of the Shining One.
  2463 | D:4      | Reached XP level 4. HP: 21/21 MP: 3/8
  2463 | D:4      | Gained a life (1 life remaining)
  2529 | D:4      | Found a staircase to the Ecumenical Temple.
  2688 | Temple   | Entered the Ecumenical Temple
  2711 | Temple   | Became a worshipper of Vehumet
  2778 | D:4      | Noticed a scorpion
  2781 | D:4      | Killed a scorpion
  2783 | D:4      | Noticed a black bear
  2983 | D:4      | Killed a black bear
  2984 | D:4      | Reached XP level 5. HP: 19/24 MP: 2/10
  3050 | D:4      | Learned a level 3 spell: Ozocubu's Armour
  3397 | D:4      | Reached skill level 5 in Ice Magic
  3527 | D:4      | Gained mutation: You are covered in thick fur. (AC +2)
                  | [Felid growth]
  3527 | D:4      | Reached XP level 6. HP: 25/28 MP: 2/11
  3656 | D:5      | Entered Level 5 of the Dungeon
  3692 | D:5      | Found a blossoming altar of Fedhas.
  4878 | D:5      | Reached skill level 6 in Ice Magic
  4878 | D:5      | Reached XP level 7. HP: 32/32 MP: 4/13
  4878 | D:5      | Gained a life (2 lives remaining)
  4950 | D:5      | Learned a level 3 spell: Summon Ice Beast
  5132 | D:6      | Found an ancient bone altar of Kikubaaqudgha.
  5829 | D:7      | Reached skill level 7 in Ice Magic
  6101 | D:7      | Killed from afar by a white imp
  6101 | D:7      | Lost a life (1 life remaining)
  6113 | D:7      | Identified a scroll of acquirement
  6115 | D:7      | Acquired a ring of magical power
  6269 | D:7      | Reached skill level 5 in Spellcasting
  6269 | D:7      | Reached XP level 8. HP: 36/36 MP: 7/16
  6544 | D:7      | Gained mutation: You are dopey. (Int -2) [potion of
                  | mutation]
  7311 | D:7      | Lost mutation: You are dopey. (Int -2) [potion of mutation]
  7311 | D:7      | Lost strength.
  7311 | D:7      | Gained mutation: You are weak. (Str -2) [potion of
                  | mutation]
  7311 | D:7      | Gained mutation: You are dopey. (Int -2) [potion of
                  | mutation]
  7311 | D:7      | Gained mutation: You are clumsy. (Dex -2) [potion of
                  | mutation]
  7355 | D:7      | Reached skill level 8 in Ice Magic
  8328 | D:8      | Noticed a tengu warrior
  8361 | D:8      | Learned a level 3 spell: Hailstorm
  9056 | D:8      | Reached skill level 9 in Ice Magic
  9092 | D:8      | Identified the +1 robe of Golden Wonder {rF++ rC- Int+2
                  | SInv}
  9123 | D:8      | Reached XP level 9. HP: 9/39 MP: 18/19
  9496 | D:8      | Found a transporter.
  9496 | D:8      | Found a transporter.
  9496 | D:8      | Identified the ring of Compassion {rF+ rC- rN+ Will+ Str+8}
 11134 | D:8      | Reached skill level 5 in Stealth
 11134 | D:8      | Reached skill level 1 in Unarmed Combat
 11134 | D:8      | Reached skill level 1 in Conjurations
 11375 | D:8      | Lost mutation: You are weak. (Str -2) [potion of mutation]
 11375 | D:8      | Lost mutation: You are dopey. (Int -2) [potion of mutation]
 11375 | D:8      | Gained mutation: You are occasionally teleported next to
                  | monsters. [potion of mutation]
 11375 | D:8      | Gained mutation: You are frail. (-10% HP) [potion of
                  | mutation]
 11375 | D:8      | Lost mutation: You are clumsy. (Dex -2) [potion of
                  | mutation]
 11382 | D:8      | Slain by an orc priest
 11382 | D:8      | Lost a life (0 lives remaining)
 11683 | D:9      | Noticed a troll
 11728 | D:9      | Slain by a troll

Illustrated notes

Levels and vault maps discovered:
D:1:      amcnicky_arrival_gap_in_the_tavern_cellar, layout_basic,
          minmay_pentomino_t2
D:2:      layout_loops_ring, nicolae_ecumenical_lake_church
D:3:      layout_basic, nicolae_overflow_squiral, tso_altar
D:4:      layout_basic, minmay_temple_entry_glass, minivault_26
D:5:      layout_gridville, mainiacjoe_overflow_alcove_4,
          serial_library_hellmonk_recessed_alcove
D:6:      layout_basic, kiku_gazebo_pond_becter
D:7:      layout_basic, minivault_4
D:8:      gammafunk_the_bubble [the_bubble_gammafunk_plus_minus],
          layout_loops_corners, hex_tiny
D:9:      layout_long_grid, hex_large, uniq_maggie
Temple:   bh_familiar_temple

Skill      XL: |  1  2  3  4  5  6  7  8  9 |
---------------+----------------------------+-----
Stealth        | 3 4 5 |  5.2
Dodging        | 3 4 |  4.2
Ice Magic      | 4 5 6 7 9 |  9.4
Spellcasting   | 3 5 6 |  6.4
Unarmed Combat | 1 |  1.4
Conjurations   | 1 |  1.2
Fighting       | |  0.9

Action                     |  1- 3 |  4- 6 |  7- 9 || total
---------------------------+-------+-------+-------++-------
  Melee: Unarmed           |    22 |     7 |    27 ||    56
         Bite              |     1 |       |     2 ||     3
         Punch             |     1 |       |       ||     1
   Cast: Freeze            |    60 |    57 |   120 ||   237
         Frozen Ramparts   |     4 |     5 |    20 ||    29
         Ozocubu's Armour  |       |     5 |    17 ||    22
         Summon Ice Beast  |       |       |     2 ||     2
  Evoke: Wand              |       |       |     9 ||     9
    Use: Scroll            |       |     7 |    10 ||    17
         Potion            |       |       |    20 ||    20
   Stab: Sleeping          |     1 |       |       ||     1
 Armour: Skin              |    24 |    11 |   150 ||   185
  Dodge: Dodged            |    57 |    64 |   236 ||   357
